 Dungeon Crawl Stone Soup version 0.29-a0-1047-g7c58e119a4 (webtiles) character file.

Game seed: 10296183027192464306

66 strifetoe the Chopper (level 4, 0/38 HPs)
             Began as a Meteoran Fighter on Aug 16, 2022.
             Slain by a howler monkey (4 damage)
             ... on level 6 of the Dungeon.
             The game lasted 00:01:12 (226 turns).

strifetoe the Chopper (Meteoran Fighter)             Turns: 226, Time: 00:01:13

Health: 0/38       AC:  6    Str: 19    XL:     4   Next: 63%
Magic:  5/5        EV:  9    Int: 10    God:
Gold:   0          SH:  0    Dex: 13    Spells: 3/3 levels left

rFire   . . .      SeeInvis .   a - +0 war axe
rCold   . . .      Faith    .   c - +0 buckler
rNeg    . . .      Spirit   .   b - +0 scale mail
rPois   .          Reflect  .   (no helmet)
rElec   .          Harm     .   (no cloak)
rCorr   .          Rampage  .   (no gloves)
Will    .....                   (no boots)
Stlth   ..........              (no amulet)
HPRegen 0.12/turn               (no ring)
MPRegen 0.09/turn               (no ring)

@: confused, mighty, glowing
A: sense surroundings 1, otherworldly, glowing, explore regen
a: no special abilities


You were on level 6 of the Dungeon.
You visited 1 branch of the dungeon, and saw 4 of its levels.

Inventory:

Hand Weapons
 a - a +0 war axe (weapon)
Armour
 b - a +0 scale mail (worn)
 c - a +0 buckler (worn)


   Skills:
 - Level 3.2 Fighting
 + Level 5.1 Axes
 - Level 3.6 Armour
 + Level 0.6 Dodging
 - Level 3.6 Shields


You had 3 spell levels left.
You didn't know any spells.
Your spell library contained the following spells:

 Spells                   Type           Power      Damage    Failure   Level
 Sandblast                Erth           0%         2d4       82%         1


Dungeon Overview and Level Annotations

Branches:
Dungeon (3/15) Zot: 2159   Temple (0/1) D:6

Altars:

Annotations:
D:6 1 runed translucent door


Innate Abilities, Weirdness & Mutations

You passively map a small area around you.
You are easily found by Zot.
You glow in the dark.
You regain HP and MP as you explore.


Message History

* * * LOW HITPOINT WARNING * * *
The orc hits you with a +0 dagger.
* * * LOW HITPOINT WARNING * * *
The orc hits you with a +0 short sword.
* * * LOW HITPOINT WARNING * * *
You block something's attack.
A water moccasin comes into view.
Something hits you but does no damage. The shadow imp hits you.
* * * LOW HITPOINT WARNING * * *
The orc hits you with a +0 dagger.
* * * LOW HITPOINT WARNING * * *
The orc hits you but does no damage.
You hit the shadow imp.
The shadow imp is almost dead.
You slash the orc!
You kill the orc!
You slash something! You barely miss the orc.
Something hits you but does no damage. The orc closely misses you.
The shadow imp gestures at you.
You struggle to resist.
The howler monkey hoots and howls with incredible vigour!
You hear a howl!
You hear an angry hiss.
Unknown command.
You feel very mighty all of a sudden. The orc barely misses you.
Something hits you but does no damage. The shadow imp gestures at you.
You struggle to resist.
You slash the orc!
You kill the orc!
You miss something. You slash the shadow imp!
You kill the shadow imp!
You hear some strange, mumbled words.
You are confused.
Your Axes skill increases to level 5!
You closely miss something. You closely miss the howler monkey.
The howler monkey hits you but does no damage.
Something hits you but does no damage.
A howler monkey comes into view.
The howler monkey hits you.
You die...

, * , , ,, .##....... , ,
. ,........ . , $♣.
##......##*.$ ,
PP...##........#... , *,
.PP...#.#........... ,
..................## ,
P.PPP..#.<...){......
,P.PP...#.....@h.....h
P..P...#......S≈≈≈≈.. ,
............≈≈≈≈≈≈≈≈≈,, ,
..........≈≈≈≈≈≈≈≈≈~~ *
###......≈≈≈≈≈≈≈≈≈~≈≈
.........≈≈≈≈≈≈...≈≈≈≈≈≈..
#$.......≈≈≈≈≈≈.>.≈≈≈≈≈≈..
,
#....!...≈≈≈≈≈≈...≈≈≈≈≈≈..
..........≈≈≈≈≈≈≈≈≈≈≈≈≈...


You could see a water moccasin and 2 howler monkeys.

Vanquished Creatures
  A hound (D:6)
  An adder (D:6)
  A shadow imp (D:6)
  2 orcs (D:6)
  3 bats
  2 endoplasms (D:1)
  2 goblins
  3 hobgoblins (D:1)
  A frilled lizard (D:1)
  A kobold (D:1)
17 creatures vanquished.

Notes
Turn   | Place    | Note
-------+----------+-------------------------------------------
     0 | D:1      | strifetoe the Meteoran Fighter began the quest for the Orb.
     0 | D:1      | Reached XP level 1. HP: 19/19 MP: 2/2
    24 | D:1      | Reached skill level 3 in Axes
    24 | D:1      | Reached XP level 2. HP: 18/26 MP: 3/3
   142 | D:1      | Found a faded altar of an unknown god.
   151 | D:1      | Got Plato's Compendium of Bedrock
   181 | D:3      | You fall into a shaft and drop 3 floors!
   182 | D:6      | Found a staircase to the Ecumenical Temple.
   191 | D:6      | Found a runed translucent door.
   205 | D:6      | Reached skill level 4 in Axes
   205 | D:6      | Reached XP level 3. HP: 24/31 MP: 4/4
   216 | D:6      | Noticed a howler monkey
   220 | D:6      | Reached XP level 4. HP: 24/38 MP: 5/5
   222 | D:6      | Noticed a water moccasin
   226 | D:6      | Reached skill level 5 in Axes
   226 | D:6      | Slain by a howler monkey

Illustrated notes

Levels and vault maps discovered:
D:1:      ncdulo_watergridlock, layout_basic,
          shapermc_ecumenical_altar_rom_forum, solitary_fountain, hex_medium,
          lexackson_kobold_supper
D:2:      layout_basic, nicolae_figureground_pulse
D:3:      layout_loops_cross, minmay_unequal
D:6:      layout_cave_pools, nicolae_ru_great_annihilating_truth,
          kennysheep_mini_moat, temple_pool_b, ebering_ghost_reflecting_pool,
          serial_park, serial_park_gazebo [serial_park_minivault_5x5_8],
          serial_park_tiny_1, serial_park_tiny_pond

Skill      XL: |  1  2  3  4 |
---------------+-------------+-----
Axes           | 3 4 5 |  5.1
Fighting       | |  3.2
Armour         | |  3.6
Dodging        | |  0.6
Shields        | |  3.6

Action                   |  1- 3 |  4- 6 || total
-------------------------+-------+-------++-------
Melee: War axe           |    33 |     6 ||    39
  Use: Potion            |       |     1 ||     1
Armor: Scale mail        |    25 |     7 ||    32
Dodge: Dodged            |    19 |     4 ||    23
Block: Buckler           |    10 |     1 ||    11

Table legend: (Time is in decaauts)
 A = Elapsed time spent in this place.
 B = Non-inter-level travel time spent in this place.
 C = Inter-level travel time spent in this place.
 D = Time resting spent in this place.
 E = Time spent auto-exploring this place.
 F = Levels seen in this place.
 G = Mean time per level.
                   A        B        C        D        E       F      G
               +--------+--------+--------+--------+--------+-----+--------+
         Total |    239 |    239 |      0 |     20 |     94 |   4 |   59.8 |
       Dungeon |    239 |    239 |      0 |     20 |     94 |   4 |   59.8 |
               +--------+--------+--------+--------+--------+-----+--------+

Top non-repeatable levels by time:
     D:1: 171 daAuts
     D:6: 49 daAuts
     D:3: 9 daAuts
     D:2: 9 daAuts
